 Dungeon Crawl Stone Soup version 0.15-a0-1206-g3bad1a6 (webtiles) character file.

2048 MrVile the Martial Artist (level 9, -7/39 HPs)
             Began as a Vine Stalker Necromancer on June 1, 2014.
             Mangled by a goliath beetle (12 damage)
             ... on Level 7 of the Dungeon.
             The game lasted 01:08:08 (5801 turns).

MrVile the Martial Artist (VSNe)                    Turns: 5801, Time: 01:08:08

HP  -7/39        AC 10     Str 13      XL: 9   Next: 24%
MP   0/18        EV 14     Int 15      God:
Gold 293         SH  0     Dex 21      Spells:  3 memorised,  5 levels left

rFire  . . .     SeeInvis .       - Unarmed
rCold  . . .     Clarity  .     V - +0 ring mail (curse)
rNeg   . . .     rCorr    .     (no shield)
rPois  .         rRot     +     (no helmet)
rElec  .         Spirit   +     R - +0 cloak
SustAb +         Warding  .     E - +1 pair of gloves
rMut   .         Stasis   .     h - +0 pair of boots
Gourm  .                        (no amulet)
MR     ++...                    U - ring of protection from magic
                                l - ring of sustain abilities

@: agile, lethally poisoned, very slightly contaminated, very resistant to
hostile enchantments, fairly stealthy
A: fangs 3, regeneration 2, magic shield, antimagic bite, no device heal 3, rot
immunity
a: no special abilities


You were on level 7 of the Dungeon.
You were near starving.

You visited 1 branch of the dungeon, and saw 7 of its levels.

You collected 293 gold pieces.

Inventory:

Hand weapons
 n - a +1,+3 dagger of holy wrath
 z - a +1,+2 dagger of venom
 A - a +0,+1 dagger of protection
 L - a +1,+1 scythe of protection
 Q - a +2,+4 quarterstaff of chaos
 S - a +0,+1 hammer of holy wrath
Missiles
 x - 37 poisoned needles (quivered)
Armour
 a - a +0 robe
 h - a +0 pair of boots (worn)
 w - a +0 ring mail
 E - a +1 pair of gloves (worn)
 R - a +0 cloak (worn)
 V - a cursed +0 ring mail (worn)
Magical devices
 O - a wand of fire (0)
 T - a wand of flame (6)
Comestibles
 c - 2 bread rations
 d - 2 beef jerkies
 f - 2 meat rations
 r - 5 fruits
 v - a slice of pizza
 G - a royal jelly
Scrolls
 t - a scroll of magic mapping
 u - 2 scrolls of amnesia
 y - 2 scrolls of remove curse
 B - 3 scrolls of blinking
 C - a scroll of enchant armour {unknown}
 K - 3 scrolls of enchant weapon II
 M - a scroll of immolation {unknown}
 N - 3 scrolls of random uselessness {unknown}
Jewellery
 l - a ring of sustain abilities (left hand)
 q - an uncursed ring of ice
 s - an uncursed amulet of resist mutation
 F - an uncursed ring of magical power
 U - a ring of protection from magic (right hand)
Potions
 e - a potion of paralysis
 g - 3 potions of haste
 i - 2 potions of heal wounds
 j - 2 potions of confusion
 k - a potion of degeneration
 m - 6 potions of curing
 o - a potion of agility
 p - 3 potions of restore abilities {unknown}
 D - a potion of porridge
 H - a potion of cure mutation {unknown}
 I - a potion of flight {unknown}
 J - 2 potions of poison {unknown}
Books
 b - a book of Necromancy

   Spells                             Type                      Level
   *Pain                              Necromancy                   1
   Animate Skeleton                   Necromancy                   1
   *Vampiric Draining                 Necromancy                   3
   *Regeneration                      Charms/Necromancy            3
   Animate Dead                       Necromancy                   4
   Control Undead                     Necromancy                   4
 P - a book of Alchemy

   Spells                             Type                      Level
   Sublimation of Blood               Necromancy                   2
   Alistair's Intoxication            Transmutation/Poison         4
   Condensation Shield                Ice                          4
   Petrify                            Transmutation/Earth          4
   Ignite Poison                      Fire/Transmutation           5


   Skills:
 + Level 3.6 Armour
 - Level 1.5 Dodging
 - Level 2.4 Stealth
 * Level 9.7 Unarmed Combat
 - Level 2.1 Spellcasting
 - Level 6.2 Necromancy


You had 5 spell levels left.
You knew the following spells:

 Your Spells              Type           Power        Failure   Level  Hunger
a - Pain                  Necr           ###.         2%          1    #......
b - Vampiric Draining     Necr           ###.......   10%         3    ####...
c - Regeneration          Chrm/Necr      ##........   24%         3    ####...


Dungeon Overview and Level Annotations

Branches:
Dungeon (7/15)
 Temple: D:4-7

Altars:
Sif Muna
Trog
Vehumet

Annotations:
D:5 exclusions: upstairs and 9 more exclusions


Innate Abilities, Weirdness & Mutations

You have razor-sharp teeth.
You heal very quickly.
When hurt, damage is shared between your health and your magic reserves.
Your bite disrupts and absorbs the magic of your enemies.
Potions and wands cannot restore your health.
You are immune to rotting.


Message History

Aim: a crimson imp, wielding a trident
Okay, then.
There are monsters nearby!
Evoke which item? (* to show all) (? for menu, Esc to quit)
Zapping:
O - a wand of fire {zapped: 6}
Press: ? - help, Shift-Dir - straight line, f/p - crimson imp
Aim: a crimson imp, wielding a trident Nothing appears to happen.
The crimson imp hits you but does no damage.
Evoke which item? (* to show all) (? for menu, Esc to quit)
Okay, then.
You feel agile all of a sudden.
You feel sick.
The crimson imp hits you but does no damage.
You are near starving!
You hit the goliath beetle.
You bite the goliath beetle, but do no damage.
The goliath beetle is lightly wounded.
The goliath beetle bites you!
You die...

#.# ########.# a .
.......<.# ... ...
.........## ..#####..
######....# ..?.(..
#..### ..).% #..# 5o.
#..# #B#
######..########@#####...
.........................
#########################


You could see a goliath beetle, a worker ant (wandering), a crimson imp and an
orc.

Vanquished Creatures
  The ghost of bryaneu the Ruinous, an average DECj (D:6)
  A deep elf mage (D:5)
  An ice beast (D:5)
  A sky beast (D:5)
  A phantom (D:6)
  A centaur (D:5)
  4 ogres
  Sigmund (D:5)
  2 giant frogs
  Blork the orc (D:5)
  2 scorpions
  4 killer bees (D:7)
  An electric eel (D:6)
  2 quasits
  4 hounds
  Crazy Yiuf (D:5)
  2 orc wizards (D:6)
  A worker ant (D:5)
  Ijyb (D:3)
  A worker ant zombie (D:6)
  5 adders
  A gnoll skeleton (D:5)
  A worm (D:5)
  An adder zombie (D:5)
  An adder skeleton (D:6)
  9 orcs
  5 giant cockroaches
  13 hobgoblins
  5 jackals
  2 quokkas (D:5)
  5 ball pythons
  24 bats
  2 giant geckos (D:2)
  A giant gecko zombie (D:5)
  2 giant newts
  9 goblins
  A goblin skeleton (D:5)
  8 kobolds
  15 rats
143 creatures vanquished.

Vanquished Creatures (others)
  5 toadstools (D:1)
5 creatures vanquished.

Grand Total: 148 creatures vanquished

Notes
Turn   | Place    | Note
--------------------------------------------------------------
     0 | D:1      | MrVile, the Vine Stalker Necromancer, began the quest for the Orb.
     0 | D:1      | Reached XP level 1. HP: 9/9 MP: 3/3
   334 | D:1      | Reached skill level 1 in Unarmed Combat
   334 | D:1      | Reached XP level 2. HP: 11/13 MP: 5/5
   762 | D:2      | Reached XP level 3. HP: 14/16 MP: 7/7
   773 | D:2      | Learned a level 3 spell: Vampiric Draining
  1354 | D:3      | Reached XP level 4. HP: 18/21 MP: 8/8
  1963 | D:3      | Noticed Ijyb
  1988 | D:3      | Killed Ijyb
  2144 | D:4      | Learned a level 3 spell: Regeneration
  2191 | D:4      | Reached XP level 5. HP: 21/24 MP: 11/11
  2207 | D:4      | Noticed an ogre
  2257 | D:5      | Entered Level 5 of the Dungeon
  2288 | D:5      | Reached skill level 5 in Necromancy
  2307 | D:5      | Noticed a hill giant
  2505 | D:4      | Killed an ogre
  2505 | D:4      | Gained mutation: You heal very quickly. [vine stalker growth]
  2505 | D:4      | Reached XP level 6. HP: 23/28 MP: 12/12
  2546 | D:4      | Noticed an ogre
  2560 | D:4      | Killed an ogre
  2560 | D:4      | Reached skill level 5 in Unarmed Combat
  3060 | D:5      | Noticed an ice beast
  3082 | D:5      | Reached XP level 7. HP: 25/32 MP: 14/14
  3084 | D:5      | Noticed a deep elf mage
  3091 | D:5      | Killed a deep elf mage
  3091 | D:5      | Reached skill level 6 in Unarmed Combat
  3100 | D:5      | Killed an ice beast
  3107 | D:5      | Noticed a centaur
  3113 | D:5      | Killed a centaur
  3113 | D:5      | Reached skill level 7 in Unarmed Combat
  3321 | D:5      | Gained mutation: You have razor-sharp teeth. [vine stalker growth]
  3321 | D:5      | Reached XP level 8. HP: 36/36 MP: 16/16
  3543 | D:5      | Found a deep blue altar of Sif Muna.
  4135 | D:5      | Noticed Sigmund
  4163 | D:5      | Killed Sigmund
  4163 | D:5      | Reached skill level 1 in Armour
  4209 | D:5      | Noticed Blork the orc
  4220 | D:5      | Killed Blork the orc
  4639 | D:5      | Noticed Crazy Yiuf
  4649 | D:5      | Killed Crazy Yiuf
  4965 | D:6      | Reached skill level 8 in Unarmed Combat
  5053 | D:6      | Found a radiant altar of Vehumet.
  5255 | D:6      | Noticed a moth of wrath
  5256 | D:6      | Found a bloodstained altar of Trog.
  5519 | D:6      | Noticed bryaneu's ghost (average DECj)
  5545 | D:6      | Killed bryaneu's ghost
  5545 | D:6      | Reached skill level 9 in Unarmed Combat
  5545 | D:6      | Reached XP level 9. HP: 35/39 MP: 16/18
  5801 | D:7      | Mangled by a goliath beetle

Action                   |  1- 3 |  4- 6 |  7- 9 || total
-------------------------+-------+-------+-------++-------
Melee: Unarmed           |   195 |   274 |   248 ||   717
 Cast: Vampiric Draining |     1 |       |     5 ||     6
       Pain              |       |     1 |    25 ||    26
Evoke: Wand              |       |       |     7 ||     7
  Use: Scroll            |     7 |     8 |     4 ||    19
       Potion            |       |       |     2 ||     2
 Stab: Sleeping          |     6 |       |       ||     6
